 Dungeon Crawl Stone Soup version 0.23-a0-844-gdc03e01 (console) character file.

3958 bli the Basher (level 10, -19/76 HPs)
             Began as a Formicid Abyssal Knight on Jan 26, 2019.
             Was an Elder of Lugonu.
             Demolished by a two-headed ogre
             ... wielding a +0 giant club
              (23 damage)
             ... on level 9 of the Dungeon.
             The game lasted 00:34:31 (7863 turns).

bli the Basher (Formicid Abyssal Knight)            Turns: 7863, Time: 00:34:32

Health: -19/76     AC: 13    Str: 18    XL:     10   Next: 45%
Magic:  12/12      EV: 12    Int: 12    God:    Lugonu [****..]
Gold:   250        SH:  7    Dex: 12    Spells: 9/9 levels left

rFire    x . .     SeeInvis +   a - +0 morningstar
rCold    + + +     Gourm    .   Y - +2 buckler
rNeg     . . .     Faith    .   F - +3 leather armour of Absence {*Drain rF- rC+++}
rPois    +         Spirit   .   (helmet unavailable)
rElec    .         Reflect  .   M - +0 cloak (curse)
rCorr    .         Harm     .   B - +0 pair of gloves
MR       +....                  Z - +1 pair of boots
Stlth    +.........             (no amulet)
HPRegen  0.22/turn              z - +3 ring of protection
MPRegen  0.13/turn              t - ring of poison resistance

@: no status effects
A: permanent stasis, dig shafts and tunnels, four strong arms, antennae 3
a: Dig, Shaft Self, Depart the Abyss, Bend Space, Banish, Corrupt, Renounce
Religion


You were on level 9 of the Dungeon.
You worshipped Lugonu.
Lugonu was greatly pleased with you.
You were not hungry.

You visited 1 branch of the dungeon, and saw 9 of its levels.
You visited the Abyss 1 time.

You collected 460 gold pieces.
You spent 210 gold pieces at shops.

Inventory:

Hand Weapons
 a - a +0 morningstar (weapon)
 b - a +2 hunting sling of flaming
 c - a +1 mace
 y - a +0 war axe
 X - a +2 vampiric trident
Missiles
 f - 8 tomahawks (quivered)
 k - 179 stones
 o - 95 sling bullets
 A - 2 silver tomahawks
 D - 8 javelins
Armour
 d - a +0 crystal plate armour
 j - a +0 leather armour
 s - a +0 robe of magic resistance
 B - a +0 pair of gloves (worn)
 F - the +3 leather armour of Absence (worn) {*Drain rF- rC+++}
   (You bought it in a shop on level 8 of the Dungeon)

   It makes you vulnerable to fire.
   It renders you almost immune to cold.
   It causes draining when unequipped.
 M - a cursed +0 cloak (worn)
 Y - a +2 buckler (worn)
 Z - a +1 pair of boots (worn)
Magical Staves
 u - an uncursed staff of earth {unknown}
 Q - an uncursed staff of power {unknown}
Jewellery
 l - an uncursed ring of wizardry
 t - a ring of poison resistance (right hand)
 z - a +3 ring of protection (left hand)
Wands
 G - a wand of iceblast (1)
 R - a wand of disintegration (17)
 V - a wand of scattershot (6)
 W - a wand of acid (7)
Scrolls
 g - 4 scrolls of amnesia
 h - 2 scrolls of enchant weapon {unknown}
 m - a scroll of enchant armour {unknown}
 r - 2 scrolls of magic mapping
 w - 2 scrolls of random uselessness {unknown}
 I - 3 scrolls of remove curse {unknown}
 L - a scroll of fog
 O - 2 scrolls of fear
 T - a scroll of torment
Potions
 e - a potion of flight
 i - 2 potions of heal wounds
 n - 3 potions of curing
 p - 2 potions of cancellation {unknown}
 q - a potion of mutation {unknown}
 C - a potion of might {unknown}
 H - 2 potions of haste {unknown}
 K - a potion of brilliance
 P - a potion of ambrosia
 S - a potion of agility
Comestibles
 v - 7 rations
 x - 16 chunks of flesh


   Skills:
 * Level 5.7 Fighting
 - Level 3.0(7.9) Axes
 + Level 11.2(11.5) Maces & Flails
 - Level 2.0(7.5) Staves
 - Level 3.0 Slings
 + Level 3.0 Armour
 + Level 2.5 Dodging
 - Level 5.0 Shields
 * Level 3.9 Invocations


You had 9 spell levels left.
You didn't know any spells.
Your spell library contained the following spells:

 Spells                   Type           Power        Failure   Level  Hunger
 Animate Skeleton         Necr           N/A          36%         1    ##.....
 Confusing Touch          Hex            #.....       36%         1    ##.....
 Pain                     Necr           #...         36%         1    ##.....
 Confuse                  Hex            #.......     75%         3    ####...
 Gell's Gravitas          Tloc           #.........   75%         3    ####...
 Regeneration             Chrm/Necr      #.........   75%         3    ####...
 Vampiric Draining        Necr           #.........   75%         3    ####...
 Animate Dead             Necr           N/A          98%         4    #####..
 Petrify                  Tmut/Erth      #.......     98%         4    #####..
 Bolt of Magma            Conj/Fire/Erth #.........   100%        5    ######.
 Iskenderun's Battlesphe  Conj/Chrm      #.......     100%        5    ######.
 Metabolic Englaciation   Hex/Ice        #.........   100%        5    ######.
 Venom Bolt               Conj/Pois      #.........   100%        5    ######.
 Yara's Violent Unravell  Hex/Tmut       #.........   100%        5    ######.
 Iron Shot                Conj/Erth      #.........   100%        6    #######
 Orb of Destruction       Conj           #.........   100%        7    #######
 Spellforged Servitor     Conj/Summ      #.........   100%        7    #######


Dungeon Overview and Level Annotations

Branches:
Dungeon (9/15)             Temple (0/1) D:7            Lair (0/6) D:8
    Orc: D:9-12

Altars:
Dithmenos
Kikubaaqudgha
Nemelex Xobeh

Shops:
D:5 [   D:6 *   D:7 ?   D:8 [


Innate Abilities, Weirdness & Mutations

You cannot be hasted, slowed, berserked, paralysed or teleported.
You can dig through walls and to a lower floor.
Your four strong arms can wield two-handed weapons with a shield.
You have a pair of large antennae on your head. (SInv)


Message History

The two-headed ogre hits you with a +0 giant club! x2
You hit the two-headed ogre.
The two-headed ogre is heavily wounded.
The two-headed ogre closely misses you. You block the two-headed ogre's attack.
You puncture the two-headed ogre!
The two-headed ogre is severely wounded.
The two-headed ogre hits you with a +0 giant club!
The two-headed ogre barely misses you.
You hit the two-headed ogre.
The two-headed ogre is almost dead.
You hit the two-headed ogre but do no damage.
The two-headed ogre is almost dead.
The two-headed ogre hits you with a +0 giant club!!
* * * LOW HITPOINT WARNING * * *
The two-headed ogre hits you but does no damage.
You hit the two-headed ogre.
The two-headed ogre is almost dead.
The two-headed ogre barely misses you.
The two-headed ogre hits you with a +0 giant club!!
You die...

.......#.....#
#...#
.......#.....#
#...#
....####.....#
#(..#
.............#
#...# +##
.#######.....#
#..(# ....
.##.........##
#...#.....
.##.#########
#.(.'(..(( .##.#
#(..#..... .##.#
#)### ... ###.#
#O# . #.# #@# #.#
#.#
##.############.#
#..#.....)...รท..#
#.##.############
#.##.# #.##.#
#.##.# #.##.#
#.##.# #.##.#


You could see a two-headed ogre.

Vanquished Creatures
  A komodo dragon (D:8)
  Prince Ribbit (D:6)
  Sigmund (D:4)
  2 ice beasts
  2 orc warriors
  2 sky beasts
  A black bear (D:8)
  7 ogres
  A phantom (D:7)
  4 centaurs
  A gnoll sergeant (D:7)
  3 scorpions
  5 killer bees (D:9)
  2 howler monkeys (D:4)
  3 crimson imps
  A centaur zombie (D:5)
  5 orc priests
  5 hounds
  3 jellies
  A bullfrog skeleton (D:7)
  A centaur skeleton (D:8)
  Natasha (D:3)
  4 iguanas
  6 orc wizards
  6 worker ants
  A killer bee zombie (D:5)
  4 gnolls (D:7)
  5 adders
  3 shadow imps
  2 worms
  2 dart slugs
  4 leopard geckos
  24 orcs
  3 giant cockroaches
  8 goblins
  3 hobgoblins
  14 jackals
  7 kobolds
  3 quokkas
  A ball python (D:2)
  5 bats
  3 frilled lizards
  A jackal skeleton (D:7)
  A leopard gecko skeleton (D:6)
  A leopard gecko zombie (D:6)
  6 rats
170 creatures vanquished.

Vanquished Creatures (others)
  25 plants (D:8)
25 creatures vanquished.

Grand Total: 195 creatures vanquished

Notes
Turn   | Place    | Note
-------+----------+-------------------------------------------
     0 | Abyss:1  | bli the Formicid Abyssal Knight began the quest for the
                  | Orb.
     0 | Abyss:1  | Reached XP level 1. HP: 18/18 MP: 2/2
    84 | Abyss:1  | Noticed a small abomination
    84 | Abyss:1  | Noticed an orange demon
    89 | D:1      | Escaped the Abyss
   359 | D:1      | Reached XP level 2. HP: 16/24 MP: 3/3
   702 | D:1      | Reached * piety under Lugonu
   706 | D:1      | Reached skill level 3 in Maces & Flails
   783 | D:1      | Reached XP level 3. HP: 28/29 MP: 4/4
  1073 | D:2      | Reached skill level 1 in Dodging
  1117 | D:2      | Found a shadowy altar of Dithmenos.
  1577 | D:3      | Noticed Natasha
  1594 | D:3      | Killed Natasha
  1594 | D:3      | Reached skill level 4 in Maces & Flails
  1594 | D:3      | Reached XP level 4. HP: 11/35 MP: 5/5
  2074 | D:3      | Reached skill level 1 in Shields
  2074 | D:3      | Reached XP level 5. HP: 18/41 MP: 6/6
  2108 | D:3      | Found an ancient bone altar of Kikubaaqudgha.
  2550 | D:4      | Noticed Sigmund
  2558 | D:4      | Killed Sigmund
  2558 | D:4      | Reached skill level 5 in Maces & Flails
  2558 | D:4      | Reached XP level 6. HP: 41/47 MP: 7/7
  2627 | D:4      | Reached skill level 6 in Maces & Flails
  2774 | D:4      | Reached XP level 7. HP: 52/52 MP: 8/8
  3334 | D:4      | Found a sparkling altar of Nemelex Xobeh.
  3414 | D:5      | Entered Level 5 of the Dungeon
  3417 | D:5      | Reached ** piety under Lugonu
  3635 | D:5      | Reached XP level 8. HP: 58/60 MP: 9/9
  3676 | D:5      | Reached skill level 7 in Maces & Flails
  3777 | D:5      | Found Abor's Armour Boutique.
  4110 | D:6      | Reached skill level 1 in Slings
  4359 | D:6      | Noticed Prince Ribbit
  4375 | D:6      | Killed Prince Ribbit
  4375 | D:6      | Reached skill level 8 in Maces & Flails
  4503 | D:6      | Found Omexul's General Store.
  4749 | D:6      | Reached XP level 9. HP: 56/65 MP: 10/10
  4843 | D:7      | Reached skill level 9 in Maces & Flails
  4908 | D:7      | Reached *** piety under Lugonu
  4927 | D:7      | Reached skill level 1 in Staves
  4944 | D:7      | Reached skill level 1 in Axes
  4971 | D:7      | Found a staircase to the Ecumenical Temple.
  5059 | D:7      | Found Epimmo's Magic Scroll Emporium.
  5933 | D:8      | Reached skill level 5 in Shields
  5951 | D:8      | Reached skill level 10 in Maces & Flails
  6093 | D:8      | Found Hyeraite's Antique Armour Boutique.
  6115 | D:8      | Bought a slimy leather armour for 210 gold pieces
  6125 | D:8      | Identified the +3 leather armour of Absence {*Drain rF-
                  | rC+++} (You bought it in a shop on level 8 of the Dungeon)
  6550 | D:8      | Reached XP level 10. HP: 49/73 MP: 12/12
  6788 | D:8      | Reached skill level 5 in Fighting
  7031 | D:8      | Noticed a komodo dragon
  7045 | D:8      | Killed a komodo dragon
  7045 | D:8      | Reached **** piety under Lugonu
  7045 | D:8      | Reached skill level 11 in Maces & Flails
  7153 | D:8      | Found a staircase to the Lair.
  7847 | D:9      | Noticed a two-headed ogre
  7863 | D:9      | Demolished by a two-headed ogre

Vault maps used:
D:1:      lightli_arrival_farm, minmay_misc_feat_room
D:2:      grunt_dithmenos_smoke_and_mirrors
D:3:      lemuel_doored_altar, uniq_natasha
D:4:      kennysheep_little_box, first_ration, minmay_stone_trees_small,
          serial_bayou_pond_a, uniq_sigmund
D:5:      serial_shops, nicolae_shop_waterfront
D:6:      serial_shops, nicolae_shop_stone, uniq_prince_ribbit1
D:7:      temple_doors_e, serial_shops, shop
D:8:      david_lair_shrubbed, serial_shops, shop
D:9:      kennysheep_mini, orc_0_dummy

Skill      XL: |  1  2  3  4  5  6  7  8  9 10 |
---------------+-------------------------------+-----
Maces & Flails | 3 4 5 6 8 10 11 | 11.2
Dodging        | 1 2 |  2.5
Shields        | 1 2 3 4 5 |  5.0
Fighting       | 4 5 |  5.7
Armour         | 3 |  3.0
Slings         | 2 3 |  3.0
Staves         | 2 |  2.0
Axes           | 2 3 |  3.0
Invocations    | 3 |  3.9

Action                   |  1- 3 |  4- 6 |  7- 9 | 10-12 || total
-------------------------+-------+-------+-------+-------++-------
Melee: Mace              |   109 |   129 |    81 |       ||   319
       Morningstar       |       |       |   278 |   166 ||   444
 Fire: Hunting sling     |       |       |    41 |    23 ||    64
Throw: Tomahawk          |       |       |    33 |    30 ||    63
       Stone             |       |       |     2 |       ||     2
Invok: Depart the Abyss  |     1 |       |       |       ||     1
       Bend Space        |       |       |     1 |       ||     1
 Abil: Dig               |     1 |       |     1 |     1 ||     3
Evoke: Wand              |       |       |     2 |       ||     2
  Use: Potion            |       |       |     1 |       ||     1
       Scroll            |       |       |       |    13 ||    13
 Stab: Sleeping          |       |       |     2 |       ||     2
  Eat: Chunk             |     2 |     4 |    13 |     4 ||    23
Armor: Leather armour    |    29 |    42 |    98 |    42 ||   211
Dodge: Dodged            |    64 |    73 |   194 |    71 ||   402
Block: Buckler           |     3 |    19 |    71 |    55 ||   148

Table legend:
 A = Non-vault XP
 B = Vault XP
 C = Vault XP percentage of total XP
 D = Non-vault monster count
 E = Vault monster count
 F = Vault count percentage of total count
                 A         B        C        D         E       F
            +---------+---------+-------+---------+---------+-------
      Total |    4771 |     884 |  15.6 |     166 |       4 |   2.4
            +---------+---------+-------+---------+---------+-------
        D:1 |      33 |       0 |   0.0 |      19 |       0 |   0.0
        D:2 |      22 |       0 |   0.0 |      11 |       0 |   0.0
        D:3 |     113 |      36 |  24.2 |      21 |       1 |   4.5
        D:4 |     406 |     212 |  34.3 |       9 |       1 |  10.0
        D:5 |     359 |       0 |   0.0 |      11 |       0 |   0.0
        D:6 |     530 |     286 |  35.0 |      17 |       1 |   5.6
        D:7 |    1094 |       0 |   0.0 |      23 |       0 |   0.0
        D:8 |    1685 |     350 |  17.2 |      37 |       1 |   2.6
        D:9 |     529 |       0 |   0.0 |      18 |       0 |   0.0
            +---------+---------+-------+---------+---------+-------
